 Dungeon Crawl Stone Soup version 0.23.2-1-ga50397a (webtiles) character file.

Game seed: 8194687700304606923

18291 Kairos the Cleaver (level 12, -7/165 HPs)
             Began as a Deep Dwarf Fighter on Apr 28, 2019.
             Was a High Priest of Makhleb.
             Mangled by a minotaur
             ... wielding a +4 halberd of freezing
              (41 damage)
             ... in a Gauntlet.
             The game lasted 00:25:07 (10455 turns).

Kairos the Cleaver (Deep Dwarf Fighter)            Turns: 10455, Time: 00:25:07

Health: -7/165     AC: 21    Str: 31    XL:     12   Next: 26%
Magic:  6/6        EV: 11    Int: 11    God:    Makhleb [*****.]
Gold:   282        SH: 13    Dex: 12    Spells: 11/11 levels left

rFire    . . .     SeeInvis .   a - +2 war axe
rCold    + . .     Gourm    .   c - +0 shield
rNeg     + . .     Faith    .   D - +5 chain mail {rPois}
rPois    +         Spirit   .   (no helmet)
rElec    .         Reflect  .   o - +0 cloak
rCorr    +         Harm     .   j - +0 pair of gloves
MR       ++...     NoTele   +   b - +1 pair of boots "Lape Bewk" {*Contam rC+ rN+ Int+3}
Stlth    ..........             h - amulet of magic regeneration
HPRegen  0.00/turn              e - ring of protection from magic
MPRegen  0.35/turn              L - ring of resist corrosion

@: berserking, very slightly contaminated, non-regenerating, studying Throwing,
very quick
A: damage resistance, heal wounds, sense surroundings 2, no regeneration
a: Heal Wounds, Minor Destruction, Lesser Servant of Makhleb, Major Destruction,
Greater Servant of Makhleb, Renounce Religion


You were in a Gauntlet.
You worshipped Makhleb.
Makhleb was extremely pleased with you.
You were not hungry.

You visited 3 branches of the dungeon, and saw 13 of its levels.
You also visited: Ossuary and Gauntlet.

You collected 834 gold pieces.
You spent 552 gold pieces at shops.

Inventory:

Hand Weapons
 a - a +2 war axe (weapon)
 F - a +3 hand axe
 S - a +2 hand axe of freezing
Missiles
 i - a tomahawk of returning (quivered)
Armour
 b - the +1 pair of boots "Lape Bewk" (worn) {*Contam rC+ rN+ Int+3}
   (You found it in a Gauntlet)

   It affects your intelligence (+3).
   It protects you from cold.
   It protects you from negative energy.
   It causes magical contamination when unequipped.
 c - a +0 shield (worn)
 j - a +0 pair of gloves (worn)
 o - a +0 cloak (worn)
 D - a +5 chain mail of poison resistance (worn)
Jewellery
 e - a ring of protection from magic (left hand)
 h - an amulet of magic regeneration (around neck)
 H - an uncursed ring of poison resistance
 K - an uncursed ring of magical power
 L - a ring of resist corrosion (right hand)
Wands
 m - a wand of flame (49)
 q - a wand of random effects (47)
 C - a wand of acid (4)
 N - a wand of paralysis (6)
 Q - a wand of polymorph (4)
Scrolls
 k - 5 scrolls of blinking
 p - 4 scrolls of amnesia
 r - 4 scrolls of enchant weapon
 t - 7 scrolls of teleportation
 w - 8 scrolls of remove curse
 x - a scroll of random uselessness
 y - a scroll of fear
 B - 3 scrolls of enchant armour
 M - 4 scrolls of identify
 O - a scroll of magic mapping
 P - a scroll of silence
 U - 2 scrolls of fog
Potions
 d - 2 potions of might
 g - 2 potions of heal wounds
 l - 7 potions of lignification
 n - 4 potions of haste
 s - 6 potions of curing
 u - 2 potions of magic
 z - 2 potions of brilliance
 A - 3 potions of resistance
 E - a potion of invisibility
 G - 2 potions of flight
Books
 J - a manual of Throwing
Miscellaneous
 R - a lamp of fire
Comestibles
 f - 18 rations


   Skills:
 + Level 8.0 Fighting
 + Level 13.8 Axes
 + Level 4.3 Throwing
 + Level 8.6 Armour
 + Level 5.7 Dodging
 + Level 3.0 Stealth
 + Level 10.2 Shields
 + Level 0.3 Invocations
 + Level 2.1 Evocations


You had 11 spell levels left.
You didn't know any spells.
Your spell library contained the following spells:

 Spells                   Type           Power        Failure   Level  Hunger
 Confusing Touch          Hex            #.....       95%         1    ##.....
 Flame Tongue             Conj/Fire      #....        95%         1    ##.....
 Magic Dart               Conj           #...         95%         1    ##.....
 Sting                    Conj/Pois      #...         95%         1    ##.....
 Poisonous Vapours        Pois/Air       #.....       98%         2    ###....
 Searing Ray              Conj           #.....       98%         2    ###....
 Throw Flame              Conj/Fire      #.....       98%         2    ###....
 Confuse                  Hex            #.......     100%        3    ####...
 Conjure Flame            Conj/Fire      #.......     100%        3    ####...
 Dazzling Spray           Conj/Hex       #.....       100%        3    ####...
 Gell's Gravitas          Tloc           #.........   100%        3    ####...
 Inner Flame              Hex/Fire       #.......     100%        3    ####...
 Mephitic Cloud           Conj/Pois/Air  #.......     100%        3    ####...
 Force Lance              Conj/Tloc      #.......     100%        4    #####..
 Fulminant Prism          Conj/Hex       #.........   100%        4    #####..
 Iskenderun's Mystic Bla  Conj           #.......     100%        4    #####..
 Olgreb's Toxic Radiance  Pois           #.......     100%        4    #####..
 Petrify                  Tmut/Erth      #.......     100%        4    #####..
 Sticky Flame             Conj/Fire      #.......     100%        4    #####..
 Fireball                 Conj/Fire      #.........   100%        5    ######.
 Metabolic Englaciation   Hex/Ice        #.........   100%        5    ######.
 Venom Bolt               Conj/Pois      #.........   100%        5    ######.
 Yara's Violent Unravell  Hex/Tmut       #.........   100%        5    ######.


Dungeon Overview and Level Annotations

Branches:
Dungeon (10/15)            Temple (1/1) D:4            Lair (2/6) D:10
  Swamp: Lair:2-4    Shoals: Lair:2-4     Snake: Lair:2-4    Spider: Lair:2-4
    Orc: D:9-12

Altars:
Ashenzari
Cheibriados
Dithmenos
Elyvilon
Fedhas
Gozag
Hepliaklqana
Kikubaaqudgha
Makhleb
Nemelex Xobeh
Okawaru
Qazlal
Ru
Sif Muna
Trog
Uskayaw
Vehumet
Wu Jian
Xom
Yredelemnul
Zin
The Shining One

Shops:
D:6 [   D:8 !*?

Annotations:
Gauntlet 12 transporters, exclusion: 2 lightning spires


Innate Abilities, Weirdness & Mutations

You are resistant to damage.
You can heal yourself by infusing magical energy.
You passively map the area around you.
You do not regenerate.


Message History

You slash the minotaur!
The minotaur hits you with a +4 halberd of freezing!
* * * LOW HITPOINT WARNING * * *
You block the minotaur's attack. The smoke demon closely misses you.
The smoke demon hits you but does no damage. x2
You hit the smoke demon.
The smoke demon is lightly wounded.
You slash the minotaur!
The smoke demon hits you but does no damage.
The smoke demon barely misses you. You block the smoke demon's attack.
The minotaur hits you with a +4 halberd of freezing!
* * * LOW HITPOINT WARNING * * *
The minotaur freezes you. The minotaur completely misses you.
Okay, then.
A red film seems to cover your vision as you go berserk!
You feel yourself moving faster!
You feel mighty!
The smoke demon hits you but does no damage. x2
The smoke demon barely misses you.
The minotaur hits you with a +4 halberd of freezing!!!
You die...

.................................
..............§∩≈................
#################################
8# #8##≈...............§##8# #8#
## ####8..©.©.©.©.©.©..8#### ###
#≈...............≈#
###.##.##.##.##.###
##.##.##.##.##.##
#........@3.....#
#.##.##.##H##.###
#.##.##.##(##.###
#...............#
###.##.#(###.##.# #. #.#H# .# ,
.. ..#.#, ., *.##.##.# , #. * *,
#.*#∩#* .#


You could see a minotaur and a smoke demon.

Vanquished Creatures
  A dire elephant (Gauntlet)
  Erica (D:10)
  A two-headed ogre (D:8)
  A sixfirhy (Gauntlet)
  An unseen horror (D:6)
  A faun (shapeshifter) (Gauntlet)
  2 elephants (Gauntlet)
  The ghost of totalnoob the Ducker, a novice GnMo of Cheibriados (D:5)
  A spiny frog (Lair:1)
  2 komodo dragons
  A troll (D:9)
  A hornet (D:7)
  A polar bear (Lair:2)
  2 hippogriffs
  16 yaks
  Grum (Lair:1)
  2 steam dragons
  2 water moccasins
  3 porcupines
  2 ice beasts
  4 orc warriors
  2 phantoms (D:10)
  A sky beast (D:7)
  8 ogres
  41 wolves (Lair:1)
  4 crocodiles
  4 big kobolds
  Blork the orc (D:5)
  8 bullfrogs
  A wyvern zombie (D:5)
  3 scorpions
  A wyvern skeleton (D:10)
  4 killer bees (D:7)
  4 howler monkeys
  5 wights (D:10)
  2 crimson imps (D:6)
  A quasit (D:7)
  A centaur skeleton (D:10)
  A human zombie (Ossuary)
  3 jellies
  8 orc wizards
  4 bullfrog skeletons
  8 hounds
  9 orc priests
  Jessica (D:2)
  4 iguanas
  11 worker ants
  A killer bee zombie (D:7)
  A big kobold zombie (Ossuary)
  A hound zombie (Ossuary)
  4 mummies (Ossuary)
  2 hound skeletons
  A worker ant zombie (D:9)
  22 adders
  4 gnolls
  3 shadow imps
  3 ufetubi (Gauntlet)
  An ooze (D:3)
  An adder zombie (Ossuary)
  An adder skeleton (D:4)
  3 worms
  2 dart slugs (D:2)
  6 leopard geckos
  34 orcs
  14 bats
  5 giant cockroaches
  2 gnoll zombies (Ossuary)
  14 goblins
  6 hobgoblins
  4 jackals (D:7)
  16 kobolds
  6 quokkas
  3 frilled lizards
  A goblin zombie (Ossuary)
  A hobgoblin zombie (D:7)
  A jackal skeleton (D:5)
  2 jackal zombies (Ossuary)
  A leopard gecko skeleton (D:6)
  A quokka zombie (D:7)
  3 rats
  3 rat zombies (Ossuary)
  2 fungi (D:10)
362 creatures vanquished.

Vanquished Creatures (others)
  2 fungi
  7 plants (Gauntlet)
9 creatures vanquished.

Grand Total: 371 creatures vanquished

Notes
Turn   | Place    | Note
-------+----------+-------------------------------------------
     0 | D:1      | Kairos the Deep Dwarf Fighter began the quest for the Orb.
     0 | D:1      | Reached XP level 1. HP: 20/20 MP: 1/1
    94 | D:1      | Reached XP level 2. HP: 24/27 MP: 2/2
   710 | D:2      | Reached XP level 3. HP: 29/34 MP: 3/3
   780 | D:2      | Reached skill level 3 in Axes
   876 | D:2      | Reached XP level 4. HP: 26/42 MP: 4/4
   902 | D:2      | Noticed Jessica
   911 | D:2      | Reached skill level 1 in Dodging
   912 | D:2      | Killed Jessica
  1046 | D:2      | Found a stormy altar of Qazlal.
  1175 | D:2      | Reached XP level 5. HP: 29/49 MP: 4/4
  1908 | D:3      | Reached skill level 5 in Shields
  1977 | D:3      | Reached skill level 4 in Axes
  2170 | D:4      | Found a staircase to the Ecumenical Temple.
  2177 | D:4      | Reached XP level 6. HP: 53/56 MP: 3/3
  2189 | Temple   | Entered the Ecumenical Temple
  2279 | Temple   | Became a worshipper of Makhleb the Destroyer
  2644 | D:4      | Reached skill level 5 in Axes
  2673 | D:4      | Reached XP level 7. HP: 29/63 MP: 4/4
  3405 | D:5      | Entered Level 5 of the Dungeon
  3463 | D:5      | Reached skill level 6 in Axes
  3465 | D:5      | Found a runed translucent gate.
  3474 | D:5      | Noticed totalnoob's ghost (novice GnMo)
  3475 | D:5      | Found a runed translucent gate.
  3476 | D:5      | Found a runed translucent gate.
  3656 | D:5      | Reached * piety under Makhleb
  3766 | D:5      | Noticed Blork the orc
  3772 | D:5      | Killed Blork the orc
  3772 | D:5      | Reached XP level 8. HP: 56/72 MP: 5/5
  3796 | D:5      | Reached skill level 1 in Stealth
  3796 | D:5      | Reached skill level 1 in Evocations
  3819 | D:5      | Reached skill level 5 in Armour
  3848 | D:5      | Reached skill level 7 in Axes
  4110 | D:5      | Killed totalnoob's ghost
  4110 | D:5      | Reached skill level 8 in Axes
  4214 | D:6      | Reached skill level 1 in Throwing
  4223 | D:6      | Gained mutation: You passively map the area around you.
                  | [Deep Dwarf growth]
  4223 | D:6      | Reached XP level 9. HP: 73/80 MP: 5/5
  4264 | D:6      | Reached ** piety under Makhleb
  4326 | D:6      | Found Meab's Armour Boutique.
  4438 | D:6      | Reached skill level 5 in Fighting
  4508 | D:6      | Reached skill level 9 in Axes
  4617 | D:6      | Killed an unseen horror
  5075 | D:7      | Found a sand-covered staircase.
  5095 | D:7      | Reached skill level 5 in Dodging
  5110 | Ossuary  | Entered an ossuary
  5119 | Ossuary  | Reached *** piety under Makhleb
  5351 | D:7      | Reached skill level 10 in Axes
  5351 | D:7      | Reached XP level 10. HP: 61/88 MP: 4/4
  5903 | D:6      | Bought a +4 chain mail of poison resistance for 399 gold
                  | pieces
  6267 | D:8      | Noticed a two-headed ogre
  6275 | D:8      | Killed a two-headed ogre
  6275 | D:8      | Reached **** piety under Makhleb
  6459 | D:8      | Found Webbany's Magic Scroll Shop.
  6469 | D:8      | Bought a scroll of identify for 24 gold pieces
  6469 | D:8      | Bought a scroll of identify for 24 gold pieces
  6483 | D:8      | Found Licwak's Assorted Antiques.
  6492 | D:8      | Bought a runed opal ring for 105 gold pieces
  6575 | D:8      | Found Wachioc's Distillery.
  6664 | D:8      | Reached skill level 11 in Axes
  7284 | D:9      | Found a radiant altar of Vehumet.
  7284 | D:9      | Found a faded altar of an unknown god.
  7289 | D:9      | Found a basalt altar of Yredelemnul.
  7292 | D:9      | Found an ancient bone altar of Kikubaaqudgha.
  7294 | D:9      | Found a snail-covered altar of Cheibriados.
  7854 | D:10     | Entered Level 10 of the Dungeon
  7972 | D:10     | Reached skill level 12 in Axes
  8049 | D:10     | Reached XP level 11. HP: 78/99 MP: 5/5
  8175 | D:10     | Reached ***** piety under Makhleb
  8260 | D:10     | Found a staircase to the Lair.
  8606 | D:10     | Noticed Erica
  8626 | D:10     | Killed Erica
  8691 | Lair:1   | Entered Level 1 of the Lair of Beasts
  8699 | Lair:1   | Noticed Grum
  8734 | Lair:1   | Reached skill level 13 in Axes
  8737 | Lair:1   | Killed Grum
  8815 | Lair:1   | Reached XP level 12. HP: 93/110 MP: 6/6
  8852 | Lair:1   | Found the +6 lightning scales {run, rElec}
  9685 | Lair:2   | Found a gate leading to a gauntlet.
  9721 | Gauntlet | Entered a Gauntlet
  9721 | Gauntlet | Found a transporter.
  9731 | Gauntlet | Found a transporter.
  9746 | Gauntlet | Found a transporter.
  9751 | Gauntlet | Found a transporter.
  9770 | Gauntlet | Found a transporter.
  9785 | Gauntlet | Found a transporter.
  9797 | Gauntlet | Found a transporter.
  9809 | Gauntlet | Noticed a hell hog
  9809 | Gauntlet | Found a transporter.
  9821 | Gauntlet | Found a transporter.
  9833 | Gauntlet | Found a transporter.
  9833 | Gauntlet | Noticed a dire elephant
  9850 | Gauntlet | Found a transporter.
  9868 | Gauntlet | Found a transporter.
  9872 | Gauntlet | Found a transporter.
  9900 | Gauntlet | Found a transporter.
  9922 | Gauntlet | Found a transporter.
  9922 | Gauntlet | Found a transporter.
 10028 | Gauntlet | Found a transporter.
 10147 | Gauntlet | Found a transporter.
 10227 | Gauntlet | Reached skill level 10 in Shields
 10380 | Gauntlet | Killed a dire elephant
 10395 | Gauntlet | Got a pair of shimmering boots
 10413 | Gauntlet | Identified the +1 pair of boots "Lape Bewk" {*Contam rC+
                  | rN+ Int+3} (You found it in a Gauntlet)
 10424 | Gauntlet | Noticed a minotaur
 10455 | Gauntlet | Mangled by a minotaur

Skill      XL: |  1  2  3  4  5  6  7  8  9 10 11 12 |
---------------+-------------------------------------+-----
Fighting       | 3 4 5 6 7 8 |  8.0
Shields        | 4 5 6 7 8 9 10 | 10.2
Axes           | 3 4 5 6 8 10 12 13 | 13.8
Dodging        | 1 3 5 |  5.7
Armour         | 4 5 6 7 8 |  8.6
Stealth        | 1 2 3 |  3.0
Evocations     | 1 2 |  2.1
Throwing       | 1 2 4 |  4.3
Invocations    | |  0.3

Action                   |  1- 3 |  4- 6 |  7- 9 | 10-12 || total
-------------------------+-------+-------+-------+-------++-------
Melee: War axe           |    93 |   250 |   395 |   494 ||  1232
Throw: Tomahawk          |       |       |     7 |    92 ||    99
Invok: Lesser Servant of |       |       |       |     5 ||     5
 Abil: Heal Wounds       |       |     5 |    14 |     2 ||    21
Evoke: Wand              |       |       |    19 |     1 ||    20
  Use: Scroll            |     4 |     4 |    12 |     6 ||    26
       Potion            |       |       |     4 |     5 ||     9
 Stab: Invisible         |       |       |       |    11 ||    11
  Eat: Chunk             |       |     6 |     9 |    13 ||    28
       Ration            |       |       |       |     2 ||     2
Armor: Scale mail        |    56 |   139 |    44 |    23 ||   262
       Ring mail         |       |       |   114 |       ||   114
       Chain mail        |       |       |       |   265 ||   265
Dodge: Dodged            |    27 |   102 |   157 |   259 ||   545
Block: Shield            |    51 |   168 |   244 |   387 ||   850
